 Dungeon Crawl Stone Soup version 0.29.1-15-g9cfb28693d (webtiles) character file.

Game seed: 16226760621075164206

540 Groucho the Ducker (level 7, -16/50 HPs)
             Began as a Djinni Fire Elementalist on Apr 7, 2023.
             Killed from afar by an acid dragon (28 damage)
             ... with a splash of acid
             ... on level 4 of the Dungeon.
             The game lasted 00:13:09 (9215 turns).

Groucho the Ducker (Djinni Fire Elementalist)       Turns: 9215, Time: 00:13:10

Health: -16/50     AC:  0    Str:  9      XL:     7   Next: 51%
Gold:   265        EV: 13    Int: 17      God:
                   SH:  0    Dex: 11 (13)

rFire   + + .      SeeInvis .   (no weapon)
rCold   x . .      Faith    .   (no shield)
rNeg    . . .      Spirit   .   a - +0 robe
rPois   ∞          Reflect  .   (no helmet)
rElec   .          Harm     .   v - +0 cloak {Will+}
rCorr   .          Rampage  .   l - +0 pair of gloves
Will    +....                   (boots unavailable)
Stlth   ++........              (no amulet)
HPRegen 0.16/turn               (no ring)
MPRegen 0.00/turn               (no ring)

@: corroded, flying
A: sickness immunity, fire resistance 2, cold vulnerability 1, float, innate
caster, HP casting, extra vitality 1
a: no special abilities


You were on level 4 of the Dungeon.
You visited 1 branch of the dungeon, and saw 4 of its levels.

You collected 265 gold pieces.

Inventory:

Armour
 a - a +0 robe (worn)
 l - a +0 pair of gloves (worn)
 v - a +0 cloak of willpower (worn)
Jewellery
 e - a +4 ring of evasion
 q - a ring of ice
 s - a ring of resist corrosion
Wands
 m - a wand of flame (12)
Scrolls
 c - 2 scrolls of magic mapping {unknown}
 f - a scroll of fear {unknown}
 g - 2 scrolls of poison {unknown}
 k - 2 scrolls of enchant weapon {unknown}
 o - 4 scrolls of identify {unknown}
 p - a scroll of torment {unknown}
 t - a scroll of teleportation {unknown}
 u - a scroll of silence {unknown}
Potions
 b - 2 potions of degeneration
 d - a potion of lignification {unknown}
 h - a potion of curing {unknown}
 i - a potion of attraction {unknown}
 j - a potion of resistance {unknown}
 n - a potion of mutation {unknown}
 r - a potion of heal wounds
 w - a potion of brilliance {unknown}
 x - a potion of cancellation {unknown}


   Skills:
 + Level 3.1 Fighting
 + Level 3.0 Armour
 + Level 4.1 Dodging
 + Level 3.3 Stealth
 + Level 3.5 Spellcasting


You couldn't memorise any spells.
You knew the following spells:

 Your Spells              Type           Power      Damage    Failure   Level
a - Foxfire               Conj/Fire      56%        2x1d6     4%          1
b - Scorch                Fire           28%        2d6       6%          2
c - Conjure Flame         Conj/Fire      14%        6-21      12%         3
d - Inner Flame           Hex/Fire       14%        N/A       12%         3
e - Flame Wave            Conj/Fire      14%        2d6       36%         4
f - Sandblast             Erth           28%        2d8       4%          1
g - Passwall              Tmut/Erth      11%        N/A       6%          2
h - Searing Ray           Conj           28%        2d5       6%          2
Your spell library was empty.

Dungeon Overview and Level Annotations

Branches:
Dungeon (4/15)
 Temple: D:4-7

Altars:

Annotations:
D:4 Heoruswealwe's ghost, amateur DEEE


Innate Abilities, Weirdness & Mutations

You are immune to sickness and miasma.
You are immune to poison.
Your flesh is very heat resistant. (rF++)
You are vulnerable to cold. (rC-)
You float through the air rather than walking.
You learn spells naturally, not from books.
Your magical power is your life essence.
You have superior vitality. (+4 MHP)


Message History

The acid dragon is lightly wounded.
The foxfire hits the acid dragon.
The acid dragon is lightly wounded.
You conjure some foxfire!
The acid dragon bites you! The acid dragon misses you.
There is not enough space to conjure foxfire!
There is not enough space to conjure foxfire!
There is not enough space to conjure foxfire!
The foxfire hits the acid dragon but does no damage.
The acid dragon is lightly wounded.
The foxfire hits the acid dragon.
The acid dragon is moderately wounded.
The acid dragon bites you! The acid dragon closely misses you.
Unknown command.
Unknown command.
Unknown command.
The acid dragon attacks as you move away!
The acid dragon bites you! The acid dragon closely misses you.
The acid dragon attacks as you move away!
The acid dragon bites you!
* * * LOW HITPOINT WARNING * * *
The acid dragon claws you but does no damage.
The acid dragon spits acid at you. The splash of acid hits you!
* * * LOW HITPOINT WARNING * * *
The acid corrodes you!
Unknown command.
Really fly into that dispersal trap?
Okay, then.
Really fly into that dispersal trap?
You enter a dispersal trap!
The acid dragon blinks!
The quokka blinks!
You blink.
Really fly into that dispersal trap?
You enter a dispersal trap!
The quokka blinks!
The kobold blinks!
The acid dragon blinks!
The worm blinks!
You blink.
It was a potion of heal wounds.
You feel much better. The acid dragon spits acid at you.
The splash of acid hits you!!
Ouch! That really hurt!
You die...

##.§....## ##.
##.§###...## ##
#...≈##..##..##..##~...#
#~...#§.##≈.. ##..#...≈#
#.~≈.#8K#wD## #§8#.~~.#
#...~#..#≈..⌠ #.§#≈...#
#...~#rD#≈r>? #..#~...#
#.~~.#8.#..## #.8#.~~.#
#~.....@##≈.. ##..#...≈#
#..))##..## ##..##~...#
##.~...#.)####..##..≈.#.
##..).##....).##....###
###..†###..###~..### #
###.).####...### #
###......### # ########
# #


You could see an acid dragon (catching breath), a quokka and a kobold.

Vanquished Creatures
  An ogre (D:4)
  2 scorpions
  A hound (D:4)
  Natasha (thrice) (D:2)
  Crazy Yiuf (D:3)
  Jessica (D:2)
  Terence (D:3)
  An iguana (D:4)
  5 adders
  3 dart slugs
  3 orcs
  5 ball pythons
  3 bats
  12 endoplasms
  5 giant cockroaches
  5 goblins
  4 hobgoblins
  6 jackals
  9 quokkas
  2 frilled lizards (D:3)
  6 kobolds
  4 rats
83 creatures vanquished.

Vanquished Creatures (collateral kills)
  21 foxfires (D:2)
21 creatures vanquished.

Vanquished Creatures (others)
  522 foxfires
  3 fungi (D:2)
  7 plants (D:2)
532 creatures vanquished.

Grand Total: 636 creatures vanquished

Notes
Turn   | Place    | Note
-------+----------+-------------------------------------------
     0 | D:1      | Groucho the Djinni Fire Elementalist began the quest for
                  | the Orb.
     0 | D:1      | Groucho set off with the following spells memorised:
                  | Foxfire, Scorch, Conjure Flame, Inner Flame, Flame Wave.
     0 | D:1      | Reached XP level 1. HP: 15/15 MP: 0/0
   369 | D:1      | Reached XP level 2. HP: 18/22 MP: 0/0
  1408 | D:2      | Noticed Natasha
  1414 | D:2      | Killed Natasha
  1415 | D:2      | Reached skill level 1 in Fighting
  1415 | D:2      | Reached skill level 1 in Armour
  1415 | D:2      | Reached XP level 3. HP: 15/27 MP: 0/0
  1415 | D:2      | Learned a level 1 spell: Sandblast
  1725 | D:2      | Reached XP level 4. HP: 23/32 MP: 0/0
  2424 | D:2      | Noticed Natasha
  2429 | D:2      | Killed Natasha
  2430 | D:2      | Reached skill level 3 in Dodging
  2584 | D:2      | Noticed Jessica
  2588 | D:2      | Killed Jessica
  2589 | D:2      | Reached XP level 5. HP: 34/38 MP: 0/0
  2589 | D:2      | Learned a level 2 spell: Passwall
  3232 | D:2      | Found a faded altar of an unknown god.
  3314 | D:2      | Noticed Natasha
  3319 | D:2      | Killed Natasha
  4347 | D:3      | Reached XP level 6. HP: 3/43 MP: 0/0
  5917 | D:3      | Found a runed translucent door.
  5918 | D:3      | Noticed Crazy Yiuf
  6326 | D:3      | Noticed Terence
  6336 | D:3      | Killed Terence
  6893 | D:3      | Killed Crazy Yiuf
  8114 | D:4      | Noticed Heoruswealwe's ghost (amateur DEEE)
  8138 | D:4      | Reached XP level 7. HP: 40/49 MP: 0/0
  8138 | D:4      | Learned a level 2 spell: Searing Ray
  8429 | D:4      | Reached skill level 4 in Dodging
  9199 | D:4      | Noticed an acid dragon
  9211 | D:4      | HP: 1/50 [acid dragon/splash of acid (11)]
  9215 | D:4      | Killed from afar by an acid dragon

Illustrated notes

Levels and vault maps discovered:
D:1:      dpeg_arrival_chambers_temple_mockup, layout_rooms,
          minmay_misc_feat_secret_circle, minmay_liquid_box,
          palyth_stone_intersect
D:2:      layout_loops_ring, shapermc_ecumenical_altar_mp_ritualfount,
          uniq_jessica, uniq_natasha
D:3:      minmay_door_path, layout_basic, minmay_stone_trees_small,
          minmay_misc_feat_roman, uniq_terence, uniq_crazy_yiuf_cottage
D:4:      layout_gridville, gammafunk_ghost_icy, nzn_random_ring

Skill      XL: |  1  2  3  4  5  6  7 |
---------------+----------------------+-----
Fighting       | 1 2 3 |  3.1
Armour         | 1 2 3 |  3.0
Stealth        | 2 3 |  3.3
Dodging        | 3 4 |  4.1
Spellcasting   | 3 |  3.5

Action                   |  1- 3 |  4- 6 |  7- 9 || total
-------------------------+-------+-------+-------++-------
Melee: Unarmed           |       |    17 |       ||    17
 Cast: Foxfire           |    54 |   216 |    57 ||   327
       Scorch            |       |       |     3 ||     3
  Use: Potion            |       |     1 |     1 ||     2
 Stab: Sleeping          |       |     2 |       ||     2
Armor: Robe              |     2 |    17 |     2 ||    21
Dodge: Dodged            |     4 |    47 |    15 ||    66
